[Event "Titled Tuesday Blitz June 13 Early 2023"]
[White "Maluco_do_Natal_00"]
[Black "Kiseleva, Arina"]
[BlackFideId "4164989"]
[WhiteElo "2090"]
[BlackElo "1701"]
[Result "0-1"]
[Round "10"]
[TimeControl "180+2"]
[Date "2023.06.13"]
[WhiteClock "0:00:00"]
[BlackClock "0:00:33"]
[Board "153"]

1. e4 c6 2. d4 d5 3. Nc3 dxe4 4. Nxe4 Nf6 5. Nxf6+ exf6 6. c3 Bd6 7. Qc2 h5 8. Bd3 Na6 9. h3 Nc7 10. c4 Bb4+ 11. Bd2 Bxd2+ 12. Qxd2 Qxd4 13. Nf3 Qd8 14. O-O Kf8 15. Rad1 Ne6 16. Rfe1 g6 17. Qb4+ Kg7 18. Bxg6 Qb6 19. Qxb6 axb6 20. Bb1 Nc5 21. Nd4 Be6 22. b4 Na6 23. Nxe6+ fxe6 24. a3 Rad8 25. Be4 f5 26. Bf3 Nc7 27. Rxd8 Rxd8 28. Bxh5 Rd3 29. Re3 Rd2 30. Bf3 Kf6 31. b5 cxb5 32. cxb5 Nxb5 33. Bxb7 e5 34. Rb3 Nd4 35. Rxb6+ Kg5 36. g3 e4 37. Rb1 Ra2 38. h4+ Kg4 39. Kg2 e3 40. Rf1 e2 41. Re1 Rd2 42. h5 Kxh5 43. Bf3+ Kg5 44. a4 Ra2 45. a5 f4 46. a6 fxg3 47. Kxg3 Rxa6 48. Bxe2 Re6 0-1


[Site "https://www.chess.com"]

[Event "Titled Tuesday Blitz June 13 Early 2023"]
[White "Vargas, Mauricio"]
[Black "Mirzanurov, Bulat"]
[WhiteFideId "4404572"]
[BlackFideId "4184521"]
[WhiteElo "1986"]
[BlackElo "2005"]
[Result "1-0"]
[Round "10"]
[TimeControl "180+2"]
[Date "2023.06.13"]
[WhiteClock "0:00:19"]
[BlackClock "0:00:00"]
[Board "154"]

1. f4 d5 2. Nf3 Nf6 3. d3 c5 4. e3 g6 5. h3 Bg7 6. g4 Nc6 7. Bg2 h5 8. g5 Nd7 9. O-O e6 10. Nc3 Nb6 11. a4 Bd7 12. Bd2 Qe7 13. a5 Nc8 14. Nb5 Qd8 15. Qe1 a6 16. Nc3 Nd6 17. e4 dxe4 18. dxe4 O-O 19. Na4 Nd4 20. Nxd4 Bxd4+ 21. Kh1 Bxa4 22. Rxa4 Bxb2 23. e5 Nf5 24. Kh2 Qd7 25. Ra2 Qb5 26. c3 Qb3 27. Qb1 c4 28. Rxb2 1-0


[Site "https://www.chess.com"]

[Event "Titled Tuesday Blitz June 13 Early 2023"]
[White "Skiadopoulos, Nikolaos"]
[Black "Luxama, Jacques Muller"]
[WhiteFideId "4200772"]
[BlackFideId "11900113"]
[WhiteElo "2022"]
[BlackElo "1931"]
[Result "1-0"]
[Round "10"]
[TimeControl "180+2"]
[Date "2023.06.13"]
[WhiteClock "0:01:08"]
[BlackClock "0:00:00"]
[Board "155"]

1. e4 e6 2. d4 d5 3. e5 c5 4. c3 Nc6 5. Nf3 Bd7 6. dxc5 Bxc5 7. b4 Be7 8. b5 Na5 9. Bd3 Rc8 10. O-O Nh6 11. a4 Nc4 12. Nbd2 Na5 13. Bb2 O-O 14. Re1 f6 15. Nf1 f5 16. Nd4 Bc5 17. Rc1 Qh4 18. g3 Qh3 19. Ne3 Bxd4 20. cxd4 f4 21. Bf1 fxe3 22. Bxh3 exf2+ 23. Kg2 fxe1=N+ 24. Qxe1 Nc4 25. Bc3 Nf5 26. Bxf5 Rxf5 27. Bb4 Rcf8 28. Bxf8 Rxf8 29. Qe2 Be8 30. Rxc4 dxc4 31. Qxc4 Bg6 32. Qxe6+ 1-0


[Site "https://www.chess.com"]

[Event "Titled Tuesday Blitz June 13 Early 2023"]
[White "Avazkhonov, Alikhon"]
[Black "Clawitter, Craig"]
[WhiteFideId "14208504"]
[BlackFideId "2023105"]
[WhiteElo "1739"]
[BlackElo "2219"]
[Result "1-0"]
[Round "10"]
[TimeControl "180+2"]
[Date "2023.06.13"]
[WhiteClock "0:00:20"]
[BlackClock "0:00:05"]
[Board "156"]

1. d4 e6 2. e4 d5 3. Nd2 Be7 4. Ngf3 Nf6 5. e5 Nfd7 6. Bd3 c5 7. c3 Nc6 8. O-O a5 9. b3 cxd4 10. cxd4 g5 11. Bb2 a4 12. bxa4 g4 13. Ne1 Qb6 14. Bb5 Nxd4 15. Nc4 dxc4 16. Bxd4 Bc5 17. Bxc5 Qxc5 18. Qxg4 Qxe5 19. Rd1 Ke7 20. Nf3 Qf6 21. Qxc4 Rg8 22. Rd3 Kf8 23. Bxd7 Bxd7 24. Qb4+ Ke8 25. Qxb7 Rd8 26. Rfd1 Qg6 27. Ne5 Qg5 28. Rg3 Qxe5 29. Rxg8+ Ke7 30. Qb4+ Kf6 31. Qh4+ Kf5 32. Qg5+ Ke4 33. f3# 1-0


[Site "https://www.chess.com"]

[Event "Titled Tuesday Blitz June 13 Early 2023"]
[White "Alexanian, Nelli"]
[Black "Omariev, Maksim"]
[WhiteFideId "4170539"]
[BlackFideId "4193423"]
[WhiteElo "2019"]
[BlackElo "2341"]
[Result "0-1"]
[Round "10"]
[TimeControl "180+2"]
[Date "2023.06.13"]
[WhiteClock "0:01:07"]
[BlackClock "0:01:31"]
[Board "158"]

1. d4 h5 2. e4 h4 3. c4 d6 4. Nc3 h3 5. gxh3 e5 6. dxe5 dxe5 7. Qxd8+ Kxd8 8. Nf3 f6 9. h4 c6 10. Be3 Kc7 11. Be2 Na6 12. O-O-O Be6 13. b3 Ne7 14. Kc2 Ng6 15. h5 Ne7 16. Nh4 Bf7 17. f4 Bxh5 18. Nf3 Ng6 19. f5 Bxf3 20. Bxf3 Nh4 21. Be2 Ng2 22. Bc1 Bc5 23. Kb2 Bd4 24. a3 Nc5 25. Bf3 Nh4 26. b4 Na4+ 0-1


[Site "https://www.chess.com"]

[Event "Titled Tuesday Blitz June 13 Early 2023"]
[White "Floresvillar Gonzalez, Luis Migu"]
[Black "Porat, Tori"]
[WhiteFideId "5100542"]
[BlackFideId "30982626"]
[WhiteElo "2040"]
[BlackElo "1752"]
[Result "0-1"]
[Round "10"]
[TimeControl "180+2"]
[Date "2023.06.13"]
[WhiteClock "0:00:00"]
[BlackClock "0:00:08"]
[Board "159"]

1. d4 d5 2. c4 c6 3. Nc3 Nf6 4. Bf4 e6 5. e3 Bb4 6. a3 Bxc3+ 7. bxc3 Qa5 8. Qb3 O-O 9. f3 Nbd7 10. Nh3 dxc4 11. Bxc4 Nd5 12. Bxd5 exd5 13. O-O Qd8 14. Nf2 Nb6 15. Nd3 Re8 16. Rfe1 Bf5 17. Nc5 Qe7 18. a4 Bc8 19. a5 Nc4 20. Nd3 Qf6 21. Ne5 Nd6 22. h3 h6 23. Ng4 Qg6 24. Bxd6 Qxd6 25. Kf2 Rb8 26. Qb4 Qg6 27. Qb1 Bf5 28. Qc1 f6 29. Ra2 h5 30. Nh2 h4 31. Nf1 Re7 32. Rb2 Rbe8 33. c4 Bd3 34. cxd5 Bxf1 35. Kxf1 cxd5 36. Rb3 Qg3 37. Qb1 b6 38. axb6 axb6 39. Rd3 Re6 40. Qb3 Qg5 41. Rc3 f5 42. f4 Qd8 43. Qc2 g6 44. Qf2 Re4 45. Rec1 Qe7 46. Rc7 Qf6 47. R7c3 R4e6 48. Qf3 Rd6 49. Rb3 Qe6 50. Rcb1 Qf6 51. Rc3 Kg7 52. Rc7+ Kg8 53. Rbc1 b5 54. Rc8 Rxc8 55. Rxc8+ Kg7 56. Rc7+ Kf8 57. Rb7 Rb6 58. Rxb6 Qxb6 59. Qxd5 b4 60. Qa8+ Kf7 61. Qa2+ b3 62. Qb2 Qb5+ 63. Kf2 Qc4 0-1


[Site "https://www.chess.com"]

[Event "Titled Tuesday Blitz June 13 Early 2023"]
[White "Lakshmi C"]
[Black "Ankudinova, Yelena"]
[WhiteFideId "25035347"]
[BlackFideId "13702114"]
[WhiteElo "1942"]
[BlackElo "1937"]
[Result "1-0"]
[Round "10"]
[TimeControl "180+2"]
[Date "2023.06.13"]
[WhiteClock "0:00:02"]
[BlackClock "0:00:00"]
[Board "161"]

1. g3 d5 2. Bg2 Nf6 3. f4 g6 4. Nf3 Bg7 5. O-O O-O 6. d3 c6 7. Nbd2 Bf5 8. Qe1 Ng4 9. e4 Qb6+ 10. Kh1 Ne3 11. exf5 Nxc2 12. Qxe7 Nxa1 13. f6 Bh6 14. Ne5 Na6 15. Ng4 Bxf4 16. Nc4 dxc4 17. Bxf4 Qd8 18. Nh6+ Kh8 19. Nxf7+ Rxf7 20. Qxf7 Qf8 21. Qxf8+ Rxf8 22. Be5 Rf7 23. Rxa1 cxd3 24. Be4 Nc5 25. Bf3 Nd7 26. Bc3 Nc5 27. Bg4 Ne4 28. Kg2 1-0


[Site "https://www.chess.com"]

[Event "Titled Tuesday Blitz June 13 Early 2023"]
[White "Paravyan, David"]
[Black "Caruana, Fabiano"]
[WhiteFideId "4194985"]
[BlackFideId "2020009"]
[WhiteElo "2563"]
[BlackElo "2832"]
[Result "1/2-1/2"]
[Round "11"]
[TimeControl "180+2"]
[Date "2023.06.13"]
[WhiteClock "0:00:08"]
[BlackClock "0:00:12"]
[Board "1"]

1. e4 c5 2. Nf3 d6 3. d4 cxd4 4. Nxd4 Nf6 5. Nc3 a6 6. Bd3 g6 7. f3 e5 8. Nb3 Be6 9. Be3 Nbd7 10. Qd2 Qc7 11. O-O h5 12. Rad1 Be7 13. h3 h4 14. f4 exf4 15. Bxf4 Nh5 16. Bg5 Ng3 17. Rf2 Ne5 18. Nd4 O-O-O 19. Nce2 Bxg5 20. Qxg5 Kb8 21. Nxg3 hxg3 22. Qxg3 Bc8 23. Nf3 Rde8 24. Rdf1 Qb6 25. Nxe5 Rxe5 26. Kh2 Be6 27. b3 Rc8 28. Rf6 Qd4 29. R1f3 g5 30. Bc4 Bxc4 31. bxc4 Qxc4 32. Rxd6 Qxe4 33. Rxf7 Ka7 34. Rdd7 Rb5 35. Qf2+ Ka8 36. a4 Rb2 37. Rd2 Qe5+ 38. Qg3 Qa5 39. Rff2 Qc5 40. Qg4 Rb4 41. Qf5 Qc7+ 42. Kg1 g4 43. hxg4 Rxa4 44. Rf3 Ra1+ 45. Rf1 Ra4 46. g5 Rc4 47. Qf2 Rc5 48. Qf4 Qb6 49. Qd4 Qc6 50. Rf6 Qc7 51. Rdf2 Rxg5 52. Rf8 Rg8 53. Rxg8 Rxg8 54. c4 Qc6 55. c5 Rc8 56. Rf5 Qc7 57. Rd5 Rg8 58. Rd6 Re8 59. Qd5 Rc8 60. Rxa6+ Kb8 61. Rd6 Qxc5+ 62. Qxc5 Rxc5 63. Kf2 Kc7 64. Rg6 b5 65. Ke3 b4 66. Rg4 Rb5 67. Kd2 b3 68. Kc1 Kd6 69. Kb2 Ke6 70. Rh4 Kf6 71. Rh3 Kg6 72. Rxb3 Rxb3+ 73. Kxb3 Kg5 74. Kc2 Kg4 75. Kd2 Kg3 76. Ke2 Kxg2 1/2-1/2


[Site "https://www.chess.com"]

[Event "Titled Tuesday Blitz June 13 Early 2023"]
[White "Carlsen, Magnus"]
[Black "Terry, Renato"]
[WhiteFideId "1503014"]
[BlackFideId "3803457"]
[WhiteElo "2858"]
[BlackElo "2575"]
[Result "1-0"]
[Round "11"]
[TimeControl "180+2"]
[Date "2023.06.13"]
[WhiteClock "0:00:28"]
[BlackClock "0:00:00"]
[Board "3"]

1. e4 e6 2. d4 d5 3. e5 c5 4. c3 Qb6 5. Nf3 Bd7 6. Bd3 cxd4 7. O-O Nc6 8. Re1 Nge7 9. h4 a6 10. h5 h6 11. Nbd2 dxc3 12. bxc3 Qc7 13. c4 Nb4 14. Bf1 dxc4 15. Nxc4 Ned5 16. Bb2 Bc5 17. Nd6+ Kf8 18. Qd2 Qb6 19. Rab1 Qa7 20. Bd4 Bxd4 21. Nxd4 Qc5 22. a3 Nc6 23. Rxb7 Rd8 24. Nxc6 Bxc6 25. Rc1 Qxd6 26. exd6 Bxb7 27. Qb2 Ba8 28. Bxa6 Kg8 29. Rc8 Rxc8 30. Bxc8 Kh7 31. d7 Nf6 32. Qc2+ Be4 33. Qc7 1-0


[Site "https://www.chess.com"]

[Event "Titled Tuesday Blitz June 13 Early 2023"]
[White "Bharath Subramaniyam H"]
[Black "Nakamura, Hikaru"]
[WhiteFideId "46634827"]
[BlackFideId "2016192"]
[WhiteElo "2400"]
[BlackElo "2874"]
[Result "0-1"]
[Round "11"]
[TimeControl "180+2"]
[Date "2023.06.13"]
[WhiteClock "0:00:03"]
[BlackClock "0:00:42"]
[Board "4"]

1. e4 d5 2. exd5 Qxd5 3. Nc3 Qa5 4. d4 c6 5. Nf3 Nf6 6. Bc4 Bf5 7. O-O e6 8. Bf4 Nbd7 9. Qe2 Bb4 10. Bd2 Qc7 11. h3 O-O 12. Bd3 Bxd3 13. Qxd3 Rfd8 14. Rad1 Bf8 15. Bg5 h6 16. Bh4 b5 17. Qe2 Re8 18. Ne5 Nd5 19. Nxd7 Qxd7 20. Ne4 e5 21. Qf3 f5 22. Nc3 e4 23. Qe2 g5 24. Bg3 f4 25. Bh2 Qf5 26. Nxd5 cxd5 27. Qxb5 Reb8 28. Qc6 Rc8 29. Qa4 Rc4 30. Qb3 Rb4 31. Qa3 Rb6 32. Qa5 Rxb2 33. c4 Rc8 34. Rc1 Bb4 35. Qxa7 Bd2 36. Rcd1 e3 37. fxe3 Bxe3+ 38. Kh1 Qe4 39. Rf3 Qc2 40. Rg1 Bxg1 0-1


[Site "https://www.chess.com"]

[Event "Titled Tuesday Blitz June 13 Early 2023"]
[White "Sadhwani, Raunak"]
[Black "Bok, Benjamin"]
[WhiteFideId "35093487"]
[BlackFideId "1017063"]
[WhiteElo "2631"]
[BlackElo "2657"]
[Result "1-0"]
[Round "11"]
[TimeControl "180+2"]
[Date "2023.06.13"]
[WhiteClock "0:00:16"]
[BlackClock "0:00:00"]
[Board "5"]

1. e4 c5 2. Nc3 d6 3. f4 g6 4. d4 cxd4 5. Qxd4 Nf6 6. Nf3 Bg7 7. Qf2 O-O 8. Bd3 b5 9. Nxb5 Bb7 10. Nc3 Nbd7 11. O-O Nc5 12. Qe2 Qb6 13. Kh1 Rfc8 14. e5 Nxd3 15. cxd3 Nd5 16. Ne4 Ba6 17. exd6 exd6 18. f5 Nb4 19. Ne1 d5 20. Be3 Qd8 21. Nc5 Bb5 22. Nb3 Qe7 23. Qd2 Nc6 24. Nf3 Qb4 25. Qd1 Re8 26. Bc5 Qg4 27. fxg6 hxg6 28. Qd2 Re6 29. h3 Qh5 30. Nbd4 Nxd4 31. Nxd4 Bxd4 32. Bxd4 Re2 33. Qf4 Rf8 34. Qf6 Qh7 35. Rf3 1-0


[Site "https://www.chess.com"]

[Event "Titled Tuesday Blitz June 13 Early 2023"]
[White "Lazavik, Denis"]
[Black "Galchenko, Matvey"]
[WhiteFideId "13515110"]
[BlackFideId "24175480"]
[WhiteElo "2560"]
[BlackElo "2423"]
[Result "1-0"]
[Round "11"]
[TimeControl "180+2"]
[Date "2023.06.13"]
[WhiteClock "0:01:02"]
[BlackClock "0:00:16"]
[Board "6"]

1. d4 d5 2. c4 e6 3. Nf3 c6 4. e3 f5 5. Qc2 Nf6 6. b3 Bd6 7. Be2 O-O 8. O-O Qe7 9. a4 a5 10. Ba3 Bxa3 11. Nxa3 b6 12. Qb2 Bb7 13. Nc2 Na6 14. Rab1 Nb4 15. Nxb4 Qxb4 16. Ne5 Ne4 17. Nd3 Qc3 18. Qa2 dxc4 19. bxc4 Ba6 20. Rbc1 Bxc4 21. Qxc4 Qxc4 22. Rxc4 Nd2 23. Rxc6 Nxf1 24. Kxf1 Rfc8 25. Rxb6 Rab8 26. Rxb8 Rxb8 27. g3 Rb1+ 28. Kg2 Kf7 29. Ne5+ Kf6 30. Nc6 Ra1 31. Bb5 g5 32. Nxa5 h5 33. h4 gxh4 34. gxh4 f4 35. e4 Ra3 36. Nc6 1-0


[Site "https://www.chess.com"]

[Event "Titled Tuesday Blitz June 13 Early 2023"]
[White "Andreikin, Dmitry"]
[Black "Arutinian, David"]
[WhiteFideId "4158814"]
[BlackFideId "13601741"]
[WhiteElo "2736"]
[BlackElo "2525"]
[Result "1-0"]
[Round "11"]
[TimeControl "180+2"]
[Date "2023.06.13"]
[WhiteClock "0:00:17"]
[BlackClock "0:00:15"]
[Board "7"]

1. d4 Nf6 2. c4 e6 3. Nf3 d5 4. Bg5 h6 5. Bxf6 Qxf6 6. e3 Bb4+ 7. Nbd2 O-O 8. Rc1 c6 9. Bd3 Nd7 10. O-O Bxd2 11. Nxd2 dxc4 12. Ne4 Qe7 13. Bxc4 b6 14. Qe2 a6 15. f4 Bb7 16. Ng3 c5 17. f5 b5 18. Bd3 cxd4 19. Rc7 Bd5 20. f6 Qd6 21. Rxd7 Qxd7 22. Qg4 g6 23. Bxg6 fxg6 24. Qxg6+ Kh8 25. f7 Rxf7 26. Rxf7 Qxf7 27. Qxf7 dxe3 28. Qf6+ Kh7 29. Qf7+ Kh8 30. Qg6 Ra7 31. Qxh6+ Kg8 32. Qxe3 Rg7 33. h3 Bxa2 34. Kh2 Bd5 35. Qb6 Rf7 36. Nh5 Kh7 37. g4 Kg6 38. Kg3 Kg5 39. Qd8+ Kg6 40. Qg8+ 1-0


[Site "https://www.chess.com"]

[Event "Titled Tuesday Blitz June 13 Early 2023"]
[White "Keymer, Vincent"]
[Black "Gadimbayli, Abdulla"]
[WhiteFideId "12940690"]
[BlackFideId "13404938"]
[WhiteElo "2669"]
[BlackElo "2386"]
[Result "1-0"]
[Round "11"]
[TimeControl "180+2"]
[Date "2023.06.13"]
[WhiteClock "0:00:36"]
[BlackClock "0:00:13"]
[Board "8"]

1. a3 Nf6 2. Nf3 d5 3. e3 Bf5 4. c4 e6 5. Qb3 Qc8 6. d4 c6 7. Bd2 Nbd7 8. Bd3 Bxd3 9. Qxd3 Bd6 10. O-O O-O 11. Rc1 dxc4 12. Qxc4 e5 13. dxe5 Nxe5 14. Nxe5 Bxe5 15. Nc3 Qf5 16. Be1 Rad8 17. Rd1 Qc2 18. Rxd8 Rxd8 19. Qb4 b6 20. h3 c5 21. Qb5 h6 22. a4 Bxc3 23. Bxc3 Ne4 24. Be1 Kh7 25. f3 Rd1 26. Rxd1 Qxd1 27. Qf1 Nd2 28. Qd3+ g6 29. Qxd2 Qxa4 30. Kh2 Qb5 31. Qd5 Qe8 1-0


[Site "https://www.chess.com"]

[Event "Titled Tuesday Blitz June 13 Early 2023"]
[White "Horvath, Dominik"]
[Black "Sarana, Alexey"]
[WhiteFideId "1642561"]
[BlackFideId "24133795"]
[WhiteElo "2407"]
[BlackElo "2714"]
[Result "1-0"]
[Round "11"]
[TimeControl "180+2"]
[Date "2023.06.13"]
[WhiteClock "0:00:16"]
[BlackClock "0:00:00"]
[Board "9"]

1. f4 g6 2. Nf3 Bg7 3. g3 c5 4. Bg2 Nc6 5. O-O d6 6. Nc3 e6 7. e3 Nge7 8. a4 O-O 9. d3 a6 10. g4 Rb8 11. Qe1 f5 12. h3 b5 13. axb5 axb5 14. Qh4 b4 15. Ne2 Bd7 16. e4 h6 17. Kh1 Ra8 18. Rxa8 Qxa8 19. gxf5 exf5 20. e5 Qb8 21. d4 cxd4 22. Nexd4 dxe5 23. Nxc6 Nxc6 24. fxe5 Qd8 25. Bg5 Qe8 26. Bxh6 Nxe5 27. Ng5 Bc6 28. Bxg7 Bxg2+ 29. Kxg2 Qc6+ 30. Kg1 Kxg7 31. Qh7+ Kf6 32. Qh4 Kg7 33. Qh7+ Kf6 34. Qh6 Ra8 35. Nh7+ Kf7 36. Ng5+ Kf6 37. h4 Qc5+ 38. Kh1 Qd5+ 39. Kg1 Qd4+ 40. Kh1 Qd5+ 41. Kg1 Qc5+ 42. Kh1 Qxc2 43. Nh7+ Kf7 44. Ng5+ Kf6 45. Nh7+ Ke6 46. Ng5+ Kd6 47. Qg7 Qc6+ 48. Nf3 Nxf3 49. Qxg6+ Kc7 50. Qxc6+ Kxc6 51. Rxf3 Rf8 52. Kg2 Kd5 53. Kg3 Ke4 54. Rf4+ Ke3 55. Rf3+ Ke2 56. Kf4 Kd2 57. h5 Kc2 58. b3 Kb2 59. h6 1-0


[Site "https://www.chess.com"]

[Event "Titled Tuesday Blitz June 13 Early 2023"]
[White "Nihal Sarin"]
[Black "Chigaev, Maksim"]
[WhiteFideId "25092340"]
[BlackFideId "4108116"]
[WhiteElo "2689"]
[BlackElo "2561"]
[Result "1/2-1/2"]
[Round "11"]
[TimeControl "180+2"]
[Date "2023.06.13"]
[WhiteClock "0:03:06"]
[BlackClock "0:00:04"]
[Board "10"]

1. Nf3 Nf6 2. b3 g6 3. Bb2 Bg7 4. e3 O-O 5. d4 d6 6. Be2 Nbd7 7. O-O e5 8. dxe5 Ng4 9. c4 Ngxe5 10. Nc3 a5 11. Rc1 Re8 12. Qd2 Nc5 13. Rfd1 Bd7 14. h3 Nxf3+ 15. Bxf3 Bc6 16. Nd5 Bxb2 17. Qxb2 Bxd5 18. Bxd5 Qe7 19. a3 c6 20. Bf3 Rad8 21. Rd2 Qe5 22. Qc2 h5 23. Rcd1 Kg7 24. b4 axb4 25. axb4 Ne6 26. b5 cxb5 27. Rd5 Qf6 28. Rxb5 Nc5 29. Bxb7 Rb8 30. Bd5 Rbd8 31. Rdb1 Re7 32. Rb6 Qe5 33. Rc6 Rdd7 34. Qb2 Nd3 35. Qxe5+ Nxe5 36. Ra6 Rc7 37. Rb4 Red7 38. Raa4 Rc5 39. Rb5 Rcc7 40. Rb3 h4 41. f4 Nc6 42. Kf2 Ne7 43. Bf3 d5 44. cxd5 Nxd5 45. Rd4 Ne7 46. Rxd7 Rxd7 47. Rb2 Nf5 48. Bg4 Rd3 49. Re2 Ng3 50. Rc2 Ra3 51. Bf3 f5 52. Bd5 Ra7 53. Ra2 Rxa2+ 54. Bxa2 Kf6 55. Kf3 g5 56. Bb1 Nh5 57. Bc2 Ng3 58. Bd3 Nh5 59. Bc2 Ng3 60. Bd1 Nh5 61. Kf2 Ng3 62. Bf3 Nh1+ 63. Ke1 Ng3 64. Kd2 Nf1+ 65. Kd3 Ng3 66. Kd4 Nf1 67. Kd3 Ng3 68. Ba8 Nf1 69. Ke2 Ng3+ 70. Ke1 Nh5 71. Bf3 Ng3 72. Kf2 Nh1+ 73. Kf1 Ng3+ 74. Kg1 Kg6 75. Bd1 Kf6 76. Kf2 Nh1+ 77. Kf3 Ng3 78. Bc2 Nh5 79. Ba4 Ng3 80. Bc6 Nh5 81. Bb7 Ng3 82. Kf2 Nh1+ 83. Ke1 Ng3 84. Bf3 Kg6 85. Kd2 Kf6 86. Kd3 Kg6 87. Kd4 Kf6 88. Kd5 Nf1 89. Kd4 Ng3 90. fxg5+ Kxg5 91. Ke5 Nf1 92. Kd4 Ng3 93. Kd3 Nf1 94. Ke2 Ng3+ 95. Kf2 Nh1+ 96. Ke1 Ng3 97. Bc6 Nh1 98. g4 Ng3 99. Bf3 fxg4 100. hxg4 Kf6 101. Kf2 Kg5 102. Kg2 Kf6 103. Kh3 Kg5 104. e4 Nf1 105. e5 Ne3 106. Be2 Nd5 107. Bf3 Nf4+ 108. Kh2 Ng6 109. e6 Kf6 110. Bd5 Nf4 111. g5+ Ke7 112. Bc4 Nxe6 113. Kh3 Nxg5+ 114. Kxh4 1/2-1/2


[Site "https://www.chess.com"]

[Event "Titled Tuesday Blitz June 13 Early 2023"]
[White "Molina, Roberto Junio Brito"]
[Black "Deac, Bogdan-Daniel"]
[WhiteFideId "2109450"]
[BlackFideId "1226380"]
[WhiteElo "2376"]
[BlackElo "2644"]
[Result "0-1"]
[Round "11"]
[TimeControl "180+2"]
[Date "2023.06.13"]
[WhiteClock "0:00:00"]
[BlackClock "0:00:04"]
[Board "11"]

1. d4 Nf6 2. c4 e6 3. Nf3 d5 4. Nc3 c5 5. cxd5 exd5 6. Bg5 Be6 7. g3 Nc6 8. Bg2 h6 9. Bf4 c4 10. O-O Bb4 11. Ne5 Rc8 12. Rc1 O-O 13. a3 Bxc3 14. Rxc3 b5 15. b4 a5 16. Qb1 Nxd4 17. Qb2 axb4 18. axb4 Nf5 19. Rd1 Qb6 20. Ra3 d4 21. Qa1 Nd5 22. Ra6 Qd8 23. Nc6 Rxc6 24. Rxc6 Nxf4 25. gxf4 Qh4 26. Rxd4 Nxd4 27. Qxd4 Qe7 28. Qc5 Qxc5 29. Rxc5 Rd8 30. Be4 g6 31. Rxb5 f5 32. Bc6 Kf7 33. Rc5 Rc8 34. Kf1 Ke7 35. Ke1 Kd6 36. Bf3 Rxc5 37. bxc5+ Kxc5 38. Kd2 Kb4 39. h4 c3+ 40. Kc1 Kc4 41. h5 gxh5 42. Bxh5 Kd4 43. Bf3 Bd5 44. e3+ Kc4 45. Be2+ Kb4 46. Bh5 Be4 47. Be2 Kc5 48. Bh5 Kd5 0-1


[Site "https://www.chess.com"]

[Event "Titled Tuesday Blitz June 13 Early 2023"]
[White "Swiercz, Dariusz"]
[Black "Mekhitarian, Krikor Sevag"]
[WhiteFideId "1126881"]
[BlackFideId "2107660"]
[WhiteElo "2620"]
[BlackElo "2604"]
[Result "0-1"]
[Round "11"]
[TimeControl "180+2"]
[Date "2023.06.13"]
[WhiteClock "0:00:00"]
[BlackClock "0:00:32"]
[Board "12"]

1. e4 e6 2. Nf3 d5 3. e5 c5 4. g3 Nc6 5. Bg2 Nge7 6. O-O Ng6 7. Re1 Qc7 8. Qe2 b6 9. d3 Bb7 10. h4 h6 11. Nc3 Be7 12. h5 Nf8 13. Nb5 Qd8 14. Bf4 Nd7 15. c4 dxc4 16. dxc4 a6 17. Nd6+ Bxd6 18. exd6 O-O 19. Rad1 Rb8 20. g4 Re8 21. Ne5 Ncxe5 22. Bxe5 Bxg2 23. Kxg2 Qc8 24. Bc3 f6 25. b3 Qc6+ 26. f3 Rbd8 27. Qd3 Nf8 28. Rd2 e5 29. Qd5+ Qxd5 30. Rxd5 Ne6 31. Kg3 Rd7 32. Red1 Red8 33. a3 Nd4 34. Bxd4 cxd4 35. f4 Rxd6 36. Rxd6 Rxd6 37. fxe5 fxe5 38. Kf3 Kf7 39. Ke4 Ke6 40. Kd3 Rd7 41. Rg1 Rf7 42. b4 Rf3+ 43. Ke2 e4 44. g5 d3+ 45. Kd2 Ke5 46. gxh6 gxh6 47. Rg8 Rf2+ 48. Kc3 Rc2+ 49. Kb3 e3 50. Re8+ Kf4 51. Rf8+ Ke4 52. Re8+ Kf3 53. Rd8 Rd2 54. Rf8+ Ke2 55. c5 bxc5 56. bxc5 Rc2 57. Rf5 Rc1 0-1


[Site "https://www.chess.com"]

[Event "Titled Tuesday Blitz June 13 Early 2023"]
[White "Yeletsky, Ivan"]
[Black "Gorovets, Andrey"]
[WhiteFideId "24180327"]
[BlackFideId "13504037"]
[WhiteElo "2380"]
[BlackElo "2459"]
[Result "1-0"]
[Round "11"]
[TimeControl "180+2"]
[Date "2023.06.13"]
[WhiteClock "0:00:02"]
[BlackClock "0:00:00"]
[Board "13"]

1. e4 c5 2. Nf3 d6 3. d4 cxd4 4. Nxd4 Nf6 5. Nc3 a6 6. Bg5 e6 7. f4 Qc7 8. Qe2 b5 9. e5 dxe5 10. fxe5 Nfd7 11. O-O-O Bb7 12. Qh5 g6 13. Qh3 Qxe5 14. Qh4 h6 15. Bf4 Qf6 16. Qxf6 Nxf6 17. Ndxb5 axb5 18. Bxb5+ Nc6 19. Na4 Be7 20. Nb6 Rxa2 21. Kb1 Ra5 22. c4 O-O 23. Bd2 Rxb5 24. cxb5 Na7 25. Bc3 Nxb5 26. Bxf6 Be4+ 27. Ka2 Bxf6 28. Nd7 Ra8+ 29. Kb3 Bg7 30. Kc4 Nc7 31. b4 Bxg2 32. Rhg1 Bd5+ 33. Kc5 Rc8 34. Kd6 Nb5+ 35. Ke7 Bc3 36. Nf6+ Bxf6+ 37. Kxf6 Nd6 38. Rc1 Rb8 39. Rc7 Ne4+ 40. Ke7 Kg7 41. Rf1 Rxb4 42. Rxf7+ 1-0


[Site "https://www.chess.com"]

[Event "Titled Tuesday Blitz June 13 Early 2023"]
[White "Xu, Yi"]
[Black "Madaminov, Mukhiddin"]
[WhiteFideId "8605564"]
[BlackFideId "14210703"]
[WhiteElo "2460"]
[BlackElo "2511"]
[Result "0-1"]
[Round "11"]
[TimeControl "180+2"]
[Date "2023.06.13"]
[WhiteClock "0:00:52"]
[BlackClock "0:01:31"]
[Board "14"]

1. e4 e5 2. Nf3 Nf6 3. d4 Nxe4 4. dxe5 d5 5. Nbd2 Qd7 6. Bd3 Nc5 7. Be2 Ne6 8. Nf1 Be7 9. Ne3 Nf4 10. Bf1 c6 11. h4 f6 12. g3 Ng6 13. Bh3 Qc7 14. e6 O-O 15. h5 Ne5 16. Nd4 Bc5 17. c3 Re8 18. f4 Bxd4 19. cxd4 Nc4 20. Nxc4 dxc4 21. Qe2 f5 22. Bxf5 Qa5+ 0-1


[Site "https://www.chess.com"]

[Event "Titled Tuesday Blitz June 13 Early 2023"]
[White "Hafiz, Arif Abdul"]
[Black "Kramnik, Vladimir"]
[WhiteFideId "7104227"]
[BlackFideId "4101588"]
[WhiteElo "2198"]
[BlackElo "2703"]
[Result "0-1"]
[Round "11"]
[TimeControl "180+2"]
[Date "2023.06.13"]
[WhiteClock "0:00:00"]
[BlackClock "0:00:02"]
[Board "15"]

1. e4 c5 2. Nc3 Nc6 3. f4 e6 4. Nf3 Nh6 5. Bb5 Nd4 6. O-O Nxb5 7. Nxb5 a6 8. Nc3 Be7 9. f5 d5 10. d3 dxe4 11. Bxh6 exf3 12. Bxg7 Rg8 13. Qxf3 Rxg7 14. f6 Qd4+ 15. Rf2 Bxf6 16. Qxf6 Qxf6 17. Rxf6 Ke7 18. Raf1 Bd7 19. Ne4 Bc6 20. Ng3 Rd8 21. R6f2 Rd5 22. Ne2 Rf5 23. g3 Rxf2 24. Kxf2 e5 25. Ke3 Ke6 26. a3 h5 27. b4 cxb4 28. axb4 h4 29. c4 hxg3 30. hxg3 Bg2 31. Rf2 Bh3 32. d4 exd4+ 33. Nxd4+ Ke5 34. Nf3+ Kd6 35. Rh2 Be6 36. c5+ Kd5 37. Kf2 Kc4 38. Rh4+ Kc3 39. Rf4 Rg4 40. Rxg4 Bxg4 41. Ne5 Be6 42. c6 b5 43. c7 Kxb4 44. Nxf7 Kc5 45. Ke3 a5 46. Ng5 Bf5 47. Ne4+ Kc6 48. Kd4 b4 49. Nc3 Be6 50. Nd5 b3 51. Nc3 Kxc7 52. Kd3 Kc6 53. Kd2 Kc5 54. Kc1 Kb4 55. Kb2 a4 56. Nb1 Bg4 57. Na3 Bf5 58. g4 Bxg4 59. Nb1 Bf5 60. Na3 Bg6 61. Ka1 Bf5 62. Kb2 Bd3 63. Ka1 Kc3 0-1


[Site "https://www.chess.com"]